 Dungeon Crawl Stone Soup version 0.22-a0-439-gac93bac (webtiles) character file.

1264 Borgoz the Ducker (level 8, -2/67 HPs)
             Began as a Ghoul Gladiator on May 29, 2018.
             Was an Initiate of Kikubaaqudgha.
             Slain by an orc warrior
             ... wielding a +0 war axe
              (19 damage)
             ... on level 6 of the Dungeon.
             The game lasted 00:09:32 (5586 turns).

Borgoz the Ducker (Ghoul Gladiator)                 Turns: 5586, Time: 00:09:32

Health: -2/67      AC:  4    Str: 18    XL:     8   Next: 52%
Magic:  7/7        EV: 14    Int:  6    God:    Kikubaaqudgha [......]
Gold:   345        SH:  0    Dex: 12    Spells: 7/7 levels left

rFire    . . .     SeeInvis .     - Unarmed
rCold    + . .     Gourm    .   (no shield)
rNeg     + + +     Faith    .   a - +0 leather armour
rPois    ∞         Spirit   .   b - +0 helmet
rElec    .         Reflect  .   (no cloak)
rCorr    .         Harm     .   (no gloves)
MR       .....                  (no boots)
Stlth    +.........             (no amulet)
HPRegen  0.00/turn              u - ring of flight
MPRegen  0.10/turn              t - +3 ring of intelligence

@: rotting
A: rotting body, claws 1, carnivore, cold resistance 1, negative energy
resistance 3, inhibited regeneration, torment resistance, unbreathing
a: Renounce Religion, Evoke Flight


You were on level 6 of the Dungeon.
You worshipped Kikubaaqudgha.
Kikubaaqudgha was noncommittal.
You were not hungry.

You visited 2 branches of the dungeon, and saw 7 of its levels.

You collected 345 gold pieces.

Inventory:

Missiles
 c - 3 throwing nets (quivered)
Armour
 a - a +0 leather armour (worn)
 b - a +0 helmet (worn)
Jewellery
 t - a +3 ring of intelligence (right claw)
 u - a ring of flight (left claw)
Wands
 p - a wand of acid (6)
 s - a wand of enslavement (18)
 x - a wand of paralysis (8)
Scrolls
 e - 2 scrolls of noise {unknown}
 g - 2 scrolls of fog {unknown}
 i - 3 scrolls of remove curse {unknown}
 j - 3 scrolls of teleportation
 k - 2 scrolls of magic mapping {unknown}
 l - a scroll of enchant armour {unknown}
 m - a scroll of amnesia {unknown}
 o - 3 scrolls of fear
 r - 2 scrolls of identify
 v - 2 scrolls of random uselessness {unknown}
 y - a scroll of enchant weapon {unknown}
Potions
 f - a potion of brilliance
 h - a potion of flight
 n - a potion of agility
 z - a potion of haste
Comestibles
 d - 9 rations


   Skills:
 + Level 4.8 Fighting
 - Level 1.7 Throwing
 * Level 5.2 Armour
 * Level 5.9 Dodging
 + Level 5.5 Unarmed Combat


You had 7 spell levels left.
You didn't know any spells.
Your spell library was empty.

Dungeon Overview and Level Annotations

Branches:
Dungeon (6/15)             Temple (1/1) D:6

Altars:
Ashenzari
Cheibriados
Dithmenos
Fedhas
Gozag
Hepliaklqana
Kikubaaqudgha
Makhleb
Nemelex Xobeh
Okawaru
Qazlal
Ru
Trog
Uskayaw
Vehumet
Xom
Yredelemnul
Zin
The Shining One

Shops:
D:4 %


Innate Abilities, Weirdness & Mutations

Your body is rotting away.
You thrive on raw meat.
You are immune to poison.
You have sharp fingernails.
You are carnivorous and can eat meat at any time.
Your flesh is cold resistant. (rC+)
You are immune to negative energy. (rN+++)
You do not regenerate when monsters are visible.
You are immune to unholy pain and torment.
You can survive without breathing.


Message History

The wight hits you with an enchanted battleaxe!
* * * LOW HITPOINT WARNING * * *
You feel less invigorated.
You feel less confused.
Things that are here:
a great sword of freezing; a robe You claw the wight!
You destroy the wight!
Kikubaaqudgha accepts your kill.
You scratch the orc warrior.
The orc warrior is lightly wounded.
The orc warrior hits you with a war axe.
* * * LOW HITPOINT WARNING * * *
You scratch the orc warrior.
The orc warrior is moderately wounded.
You closely miss the orc warrior. Your claw misses the orc warrior.
The orc warrior is moderately wounded.
The orc warrior hits you with a war axe!!
You die...
Kikubaaqudgha rasps: "You have failed me!
Welcome... oblivion!"

#.###...<.....#
######.###.........#
..!.......>.......##
.#####...#.......##
................##
######
.#####..........#
####^# .#
#..........# ..%..#
.# #......###.##
zo...# .# #..⌠...#
#.@## ....# .#
#......# ##)o##...#
.# #⌠.>.⌠.# ##z.)?.#
.# #......# #######
.# #..⌠..## .#
#.....# .# #######
.# .#


You could see an orc warrior and a wight.

Vanquished Creatures
  Sigmund (D:3)
  Edmund (D:4)
  A sky beast (D:6)
  A phantom (D:6)
  A centaur (D:5)
  Blork the orc (D:6)
  A scorpion (D:5)
  4 wights (D:6)
  A howler monkey (D:4)
  An orc priest (D:4)
  3 orc wizards
  A worker ant (D:4)
  3 hound skeletons
  A worker ant zombie (D:5)
  10 adders
  A shadow imp (D:6)
  2 oozes (D:3)
  An adder skeleton (D:4)
  3 worms
  2 dart slugs (D:1)
  4 leopard geckos
  20 orcs
  6 giant cockroaches
  4 goblins
  8 hobgoblins
  6 jackals
  2 quokkas
  A ball python (D:1)
  5 bats
  6 frilled lizards
  A giant cockroach zombie (D:5)
  A jackal skeleton (D:5)
  5 kobolds
  5 rats
114 creatures vanquished.

Notes
Turn   | Place    | Note
-------+----------+-------------------------------------------
     0 | D:1      | Borgoz the Ghoul Gladiator began the quest for the Orb.
     0 | D:1      | Reached XP level 1. HP: 17/17 MP: 0/0
   185 | D:1      | Reached XP level 2. HP: 24/24 MP: 1/1
   344 | D:1      | Reached skill level 1 in Armour
   622 | D:2      | Reached XP level 3. HP: 7/30 MP: 2/2
  1104 | D:2      | Reached XP level 4. HP: 24/37 MP: 3/3
  1245 | D:2      | Found an ancient bone altar of Kikubaaqudgha.
  1251 | D:2      | Found a burning altar of Makhleb.
  1252 | D:2      | Found a glowing silver altar of Zin.
  1427 | D:3      | Found a sparkling altar of Nemelex Xobeh.
  1567 | D:3      | Reached XP level 5. HP: 42/44 MP: 4/4
  1723 | D:3      | Found a shattered altar of Ashenzari.
  1723 | D:3      | Found a sparkling altar of Nemelex Xobeh.
  1723 | D:3      | Found a hide-covered altar of Uskayaw.
  1723 | D:3      | Found a snail-covered altar of Cheibriados.
  1809 | D:3      | Found a radiant altar of Vehumet.
  1809 | D:3      | Found a sacrificial altar of Ru.
  1884 | D:3      | Noticed Sigmund
  1936 | D:3      | Killed Sigmund
  1936 | D:3      | Reached XP level 6. HP: 5/51 MP: 5/5
  2423 | D:4      | Noticed Edmund
  2490 | D:4      | Killed Edmund
  2490 | D:4      | Reached XP level 7. HP: 14/58 MP: 6/6
  3296 | D:4      | Found Gaitry Tank's Food Emporium.
  3449 | D:5      | Entered Level 5 of the Dungeon
  3688 | D:5      | Reached skill level 5 in Dodging
  3754 | D:5      | Reached skill level 5 in Unarmed Combat
  4212 | D:6      | Found a blossoming altar of Fedhas.
  4221 | D:6      | Reached XP level 8. HP: 66/66 MP: 7/7
  4255 | D:6      | Noticed Blork the orc
  4279 | D:6      | Killed Blork the orc
  4773 | D:6      | Found a staircase to the Ecumenical Temple.
  4782 | Temple   | Entered the Ecumenical Temple
  4975 | D:2      | Became a worshipper of Kikubaaqudgha
  5537 | D:6      | Reached skill level 5 in Armour
  5572 | D:6      | Found a bloodstained altar of Trog.
  5586 | D:6      | Slain by an orc warrior

Vault maps used:
D:1:      minmay_arrival_semitransparent
D:2:      minitemple, first_ration
D:3:      minmay_overflow_temple_hex, nemelex_diamond_rough_becter, uniq_sigmund
D:4:      serial_shops, shop, uniq_edmund
D:6:      lemuel_doored_altar, lemuel_coloured_pillars_altar, temple_fountains,
          trog_butcher_becter, uniq_blork_the_orc
Temple:   compressed_dpeg_triangle_lava_temple

Skill      XL: |  1  2  3  4  5  6  7  8 |
---------------+-------------------------+-----
Dodging        | 3 4 5 |  5.9
Armour         | 1 2 3 4 5 |  5.2
Fighting       | 3 4 |  4.8
Unarmed Combat | 4 5 |  5.5
Throwing       | |  1.7

Action                   |  1- 3 |  4- 6 |  7- 9 || total
-------------------------+-------+-------+-------++-------
Melee: Unarmed           |    92 |   215 |   183 ||   490
       Punch             |     1 |     5 |     2 ||     8
  Use: Potion            |       |     8 |     4 ||    12
       Scroll            |       |     4 |     5 ||     9
 Stab: Sleeping          |     1 |       |       ||     1
       Invisible         |       |     1 |       ||     1
  Eat: Chunk             |     8 |    27 |    20 ||    55
Armor: Leather armour    |    26 |    37 |    26 ||    89
Dodge: Dodged            |    54 |   123 |    90 ||   267

Table legend:
 A = Spawn XP
 B = Non-spawn XP
 C = Spawn XP percentage of total XP
 D = Spawn monster count
 E = Non-spawn monster count
 F = Spawn count percentage of total count
 G = Total turns spent on level
                    A         B        C        D         E        F      G
               +---------+---------+-------+---------+---------+-------+---------
         Total |       0 |    1807 |   0.0 |       0 |     114 |   0.0 |  5586
               +---------+---------+-------+---------+---------+-------+---------
           D:1 |       0 |      28 |   0.0 |       0 |      14 |   0.0 |   574
           D:2 |       0 |      67 |   0.0 |       0 |      18 |   0.0 |   767
           D:3 |       0 |     417 |   0.0 |       0 |      35 |   0.0 |   985
           D:4 |       0 |     412 |   0.0 |       0 |      16 |   0.0 |  1333
           D:5 |       0 |     253 |   0.0 |       0 |      19 |   0.0 |   805
           D:6 |       0 |     630 |   0.0 |       0 |      12 |   0.0 |  1051
               +---------+---------+-------+---------+---------+-------+---------
